cohdb
Replays
Latest Replays
All Replays
Popular Replays
Top Player Replays
Match Explorer
How It Works
Community
CoH3 Stats
Reddit
Sign in to upload your games and track your stats! →
Sign in with Steam
Match 44679503
Unlisted
Match 44679503
Overview
Messages
Build Orders
End
Engineer Squad
Construct Weapon Support Center
Selects Special Operations Battlegroup
Selects M29 Weasel Recon Vehicle
M29 Weasel Recon Vehicle
M1919 Machine Gun Team
M1919 Machine Gun Team
M1919 Machine Gun Team
Mechanized Support Center
Bazooka Squad
Construct Medical Station
M3 Armored Personnel Carrier
Construct Medical Station
Selects Smoke Screen
Selects SSF Commando Squad
SSF Commando Squad
JEFG
Barbarossa
0
0
Comments
sign in to comment!
No comments posted yet!